 Dungeon Crawl Stone Soup version 0.20.1-1-g8b1a95d (webtiles) character file.

63 TheGuigne the Cudgeler (level 4, -3/28 HPs)
             Began as a Gargoyle Fighter on Aug 11, 2017.
             Killed from afar by an orc wizard (10 damage)
             ... with a puff of frost
             ... on level 3 of the Dungeon.
             The game lasted 00:03:41 (1836 turns).

TheGuigne the Cudgeler (Gargoyle Fighter)           Turns: 1836, Time: 00:03:41

Health: -3/28      AC: 10    Str: 21    XL:     4   Next: 9%
Magic:  4/4        EV:  7    Int:  8    God:
Gold:   142        SH:  9    Dex:  9    Spells: 3/3 levels left

rFire    . . .     SeeInvis .   a - +0 flail
rCold    . . .     Gourm    .   c - +0 shield
rNeg     + . .     Faith    .   b - +0 scale mail
rPois    ∞         Spirit   .   (no helmet)
rElec    +         Reflect  .   (no cloak)
rCorr    .         Harm     .   (no gloves)
MR       .....                  (no boots)
Stlth    ..........             (no amulet)
Regen    0.1/turn               (no ring)
MPRegen  0.1/turn               (no ring)

@: no status effects
A: negative energy resistance 1, electricity resistance, unbreathing,
petrification resistance, rot immunity, AC +3
a: no special abilities


You were on level 3 of the Dungeon.
You were not hungry.

You visited 1 branch of the dungeon, and saw 3 of its levels.

You collected 142 gold pieces.

Inventory:

Hand Weapons
 a - a +0 flail (weapon)
Armour
 b - a +0 scale mail (worn)
 c - a +0 shield (worn)
Scrolls
 g - 3 scrolls of identify
 i - 2 scrolls of fog
 j - a scroll of recharging {unknown}
 n - a scroll of enchant armour {unknown}
 o - a scroll of magic mapping {unknown}
Potions
 d - 2 potions of might
 e - a potion of flight {unknown}
 h - 2 potions of curing
 k - a potion of heal wounds {unknown}
 l - a potion of agility {unknown}
 p - 2 potions of magic {unknown}
Comestibles
 f - 2 bread rations
 m - 7 chunks of flesh


   Skills:
 - Level 3.2 Fighting
 + Level 4.2 Maces & Flails
 - Level 3.2 Armour
 - Level 3.2 Shields


You had 3 spell levels left.
You didn't know any spells.

Dungeon Overview and Level Annotations

Branches:
Dungeon (3/15)

Altars:
Ashenzari
Nemelex Xobeh
Uskayaw


Innate Abilities, Weirdness & Mutations

You are resistant to torment.
Your stone body is resilient. (AC +3)
You are immune to poison.
You resist negative energy. (rN+)
You are resistant to electric shocks. (rElec)
You can survive without breathing.
You are immune to petrification.
You are immune to rotting.


Message History

The orc barely misses you.
You sock the orc!
You kill the orc!
Something hits you but does no damage.
The orc wizard miscasts a cantrip.
You barely miss something. Something hits you. x2
You closely miss something.
Something hits you but does no damage. x2
You miss something.
Something hits you but does no damage. x2
You miss something.
Something hits you but does no damage. x2
You miss something.
You hear some strange, mumbled words.
A puff of frost appears from out of thin air!
The puff of frost hits you!
* * * LOW HITPOINT WARNING * * *
Something hits you but does no damage.
You closely miss something. Something hits you but does no damage.
You hear some strange, mumbled words.
A puff of frost appears from out of thin air!
The puff of frost hits you!
You die...

#.. #.. #..#####+#+##
#....##.....#
#r..##.....# ##
#o.##.....###.
#.o....#......
############o.###.#.#####
#.......@{oro............
#.###########..##.....###
##.##.....# #..#.....#
##.#.....### #.#........
#.#.#...... #...#######
##......##.


You could see an orc wizard, 2 orcs and a rat.

Vanquished Creatures
  3 adders
  A worm (D:2)
  3 dart slugs
  An orc (D:3)
  A bat (D:3)
  A giant cockroach (D:2)
  A goblin (D:2)
  5 hobgoblins
  3 jackals (D:2)
  3 frilled lizards
  2 kobolds
  3 rats (D:1)
27 creatures vanquished.

Notes
Turn   | Place    | Note
-------+----------+-------------------------------------------
     0 | D:1      | TheGuigne the Gargoyle Fighter began the quest for the Orb.
     0 | D:1      | Reached XP level 1. HP: 14/14 MP: 1/1
    80 | D:1      | Found a shattered altar of Ashenzari.
   358 | D:1      | Reached XP level 2. HP: 19/19 MP: 2/2
   820 | D:2      | Reached skill level 3 in Maces & Flails
  1182 | D:2      | Reached XP level 3. HP: 21/23 MP: 3/3
  1194 | D:2      | Found a sparkling altar of Nemelex Xobeh.
  1758 | D:3      | Found a hide-covered altar of Uskayaw.
  1774 | D:3      | Reached skill level 4 in Maces & Flails
  1807 | D:3      | Reached XP level 4. HP: 26/28 MP: 4/4
  1836 | D:3      | Killed from afar by an orc wizard

Skill      XL: |  1  2  3 |
---------------+----------+-----
Maces & Flails | 3 4 |  4.2
Fighting       | |  3.2
Armour         | |  3.2
Shields        | |  3.2

Action                   |  1- 3 |  4- 6 || total
-------------------------+-------+-------++-------
Melee: Flail             |   142 |    14 ||   156
  Use: Scroll            |     3 |       ||     3
  Eat: Chunk             |     3 |       ||     3
Armor: Scale mail        |    65 |    14 ||    79
Dodge: Dodged            |    38 |     4 ||    42
Block: Shield            |    62 |     7 ||    69
